 Dungeon Crawl Stone Soup version 0.29-a0-841-g116ddc6ace (webtiles) character file.

Game seed: 4142208674257089771

53 IdlyInterested the Cudgeller (level 3, -15/28 HPs)
             Began as a Demonspawn Gladiator on July 14, 2022.
             Killed from afar by Ijyb (16 damage)
             ... with a bolt of dispelling energy
             ... on level 3 of the Dungeon.
             The game lasted 00:04:23 (2018 turns).

IdlyInterested the Cudgeller (Demonspawn Gladiator) Turns: 2018, Time: 00:04:23

Health: -15/28     AC:  4    Str: 16    XL:     3   Next: 64%
Magic:  3/3        EV: 12    Int:  9    God:
Gold:   91         SH:  0    Dex: 14    Spells: 0/2 levels left

rFire   . . .      SeeInvis .   a - +0 flail
rCold   . . .      Faith    .   (no shield)
rNeg    . . .      Spirit   .   b - +0 leather armour
rPois   .          Reflect  .   c - +0 helmet
rElec   .          Harm     .   (no cloak)
rCorr   .          Rampage  .   (no gloves)
Will    .....                   (no boots)
Stlth   +.........              (no amulet)
HPRegen 0.09/turn               (no ring)
MPRegen 0.08/turn               (no ring)

@: no status effects
A: powered by pain 1, demonic touch 1
a: no special abilities


You were on level 3 of the Dungeon.
You visited 1 branch of the dungeon, and saw 3 of its levels.

You collected 91 gold pieces.

Inventory:

Hand Weapons
 a - a +0 flail (weapon)
Missiles
 d - 3 throwing nets (quivered)
 e - a javelin
Armour
 b - a +0 leather armour (worn)
 c - a +0 helmet (worn)
Magical Staves
 g - a staff of earth
Scrolls
 f - a scroll of fog {unknown}
 i - a scroll of noise {unknown}
 j - a scroll of vulnerability {unknown}
Potions
 h - a potion of heal wounds {unknown}
 k - a potion of curing {unknown}


   Skills:
 + Level 2.7 Fighting
 + Level 3.1 Maces & Flails
 - Level 1.7 Throwing
 + Level 0.6 Armour
 - Level 2.6 Dodging
 - Level 1.0 Stealth
 * Level 0.7 Unarmed Combat
 * Level 0.0 Earth Magic
 - Level 1.0 Evocations


You couldn't memorise any spells.
You knew the following spells:

 Your Spells              Type           Power      Damage    Failure   Level
a - Passwall              Tmut/Erth      0%         N/A       58%         2

Your spell library contained the following spells:

 Spells                   Type           Power      Damage    Failure   Level
 Ensorcelled Hibernation  Hex/Ice        0%         N/A       58%         2
 Swiftness                Air            0%         N/A       83%         3


Dungeon Overview and Level Annotations

Branches:
Dungeon (3/15)

Altars:

Annotations:
D:3 Ijyb


Innate Abilities, Weirdness & Mutations

You sometimes gain a little power by taking damage.
Your touch may inflict minor irresistible damage on your foes.


Message History

Done exploring.
Done exploring.
Okay, then.
There is a stone staircase leading down here.
You climb downwards.
Found a stone staircase leading down.
There is a stone staircase leading up here.
You climb upwards.
There is a stone staircase leading down here.
There is a stone staircase leading down here.
You climb downwards.
There is a stone staircase leading up here.
You climb upwards.
There is a stone staircase leading down here.
There is a stone staircase leading down here.
You climb downwards.
Ijyb shouts!
Found a scroll of teleportation.
There is a stone staircase leading up here.
Throw: 4 throwing nets
Press: ? - help, Shift-Dir - straight line, f - Ijyb
Aim: Ijyb, wielding a +0 dagger, wearing a +0 scale mail and carrying a wand of quicksilver (10) (55% to hit)
You throw a throwing net. The throwing net hits Ijyb.
Ijyb is caught in the net!
Ijyb struggles against the net.
You hit Ijyb.
Ijyb is lightly wounded.
Ijyb zaps a wand.
The bolt of dispelling energy hits you!!
Ouch! That really hurt!
* * * LOW HITPOINT WARNING * * *
Ijyb struggles against the net.
Okay, then.
You hit Ijyb.
Ijyb is moderately wounded.
You hit Ijyb but do no damage.
You touch Ijyb.
Ijyb is heavily wounded.
Ijyb zaps a wand.
The bolt of dispelling energy hits you!
Ouch! That really hurt!
You die...

# #.#####
..... ..#
...
....?#.###
.......@.#
.####..#g#
#.. .# #..
## #.. #..
... #.#


You could see Ijyb (caught).

Vanquished Creatures
  A gnoll (D:1)
  2 dart slugs
  A ball python (D:2)
  4 endoplasms
  A giant cockroach (D:1)
  3 goblins (D:1)
  3 hobgoblins (D:1)
  6 jackals (D:1)
  A quokka (D:2)
  2 bats (D:1)
  4 frilled lizards
  3 kobolds
  6 rats
37 creatures vanquished.

Notes
Turn   | Place    | Note
-------+----------+-------------------------------------------
     0 | D:1      | IdlyInterested the Demonspawn Gladiator began the quest for
                  | the Orb.
     0 | D:1      | Reached XP level 1. HP: 16/16 MP: 1/1
    75 | D:1      | Reached skill level 1 in Evocations
    96 | D:1      | Gained mutation: You sometimes gain a little power by
                  | taking damage. [demonic ancestry]
    96 | D:1      | Reached XP level 2. HP: 19/22 MP: 2/2
   438 | D:1      | Reached skill level 1 in Stealth
   453 | D:1      | Reached skill level 3 in Maces & Flails
   682 | D:1      | Gained mutation: Your touch may inflict minor irresistible
                  | damage on your foes. [demonic ancestry]
   682 | D:1      | Reached XP level 3. HP: 26/28 MP: 3/3
  1407 | D:2      | Found a faded altar of an unknown god.
  1965 | D:2      | Learned a level 2 spell: Passwall
  2014 | D:3      | Noticed Ijyb
  2016 | D:3      | HP: 1/28 [Ijyb/bolt of dispelling energy (27)]
  2018 | D:3      | Killed from afar by Ijyb

Illustrated notes

Levels and vault maps discovered:
D:1:      tarquinn_simple_flora_water_f, layout_loops_cross
D:2:      layout_loops_corners, hellmonk_ecumenical_altar_zigzags,
          dk_noncrumbling_3, minmay_liquid_box, serial_bayou_pond_d,
          kennysheep_crisscross, nicolae_elevator_lobby_plus
D:3:      layout_loops_ring, mainiacjoe_overflow_chevrons, serial_shops,
          nicolae_diamond_shop, uniq_ijyb

Skill      XL: |  1  2 |
---------------+-------+-----
Evocations     | 1 |  1.0
Stealth        | 1 |  1.0
Maces & Flails | 3 |  3.1
Fighting       | |  2.7
Throwing       | |  1.7
Armour         | |  0.6
Dodging        | |  2.6
Unarmed Combat | |  0.7

Action                   || total
-------------------------++-------
Melee: Flail             ||    92
       Touch             ||     3
Throw: Throwing net      ||     1
  Use: Scroll            ||     1
 Stab: Sleeping          ||     4
Armor: Leather armour    ||    35
Dodge: Dodged            ||    61

Table legend: (Time is in decaauts)
 A = Elapsed time spent in this place.
 B = Non-inter-level travel time spent in this place.
 C = Inter-level travel time spent in this place.
 D = Time resting spent in this place.
 E = Time spent auto-exploring this place.
 F = Levels seen in this place.
 G = Mean time per level.
                   A        B        C        D        E       F      G
               +--------+--------+--------+--------+--------+-----+--------+
         Total |   2046 |   2013 |     33 |    247 |   1438 |   3 |  682.0 |
       Dungeon |   2046 |   2013 |     33 |    247 |   1438 |   3 |  682.0 |
               +--------+--------+--------+--------+--------+-----+--------+

Top non-repeatable levels by time:
     D:2: 1057 daAuts
     D:1: 981 daAuts
     D:3: 7 daAuts
